 Dungeon Crawl Stone Soup version 0.20-a0-739-g6bb112f (webtiles) character file.

483633 Alarkh the Fencer (level 23, 0/166 HPs)
             Began as a Demonspawn Monk on Feb 23, 2017.
             Was the Champion of Okawaru.
             Slain by a deep troll shaman (4 damage)
             ... summoned by a boggart
             ... on level 2 of the Depths on Feb 24, 2017.
             The game lasted 03:37:07 (71596 turns).

Alarkh the Fencer (Demonspawn Monk)                Turns: 71596, Time: 03:37:07

Health: 0/166      AC: 20    Str: 16    XL:     23   Next: 75%
Magic:  35/35      EV:  2    Int: 19    God:    Okawaru [******]
Gold:   2417       SH:  0    Dex: 16    Spells: 14/38 levels left

rFire    + . .     SeeInvis .   a - +2 double sword (venom)
rCold    + . .     Gourm    .   S - +2 troll leather armour
rNeg     + + +     Faith    +   K - +0 shield {reflect}
rPois    ∞         Spirit   .   (helmet unavailable)
rElec    +         Reflect  +   k - scarf {repulsion}
rCorr    .         Harm     .   F - +1 pair of gloves "Adad" {rC+ rN+ Stlth-}
MR       +....                  V - +1 pair of boots of Courage {rElec Str+4 Int-4}
Stlth    +++++.....             n - amulet of faith
Regen    0.8/turn               J - +2 ring of protection
MPRegen  0.3/turn               u - ring of protection from fire

@: petrified, finesse, very slightly contaminated, repel missiles
A: horns 3, slimy green scales 3, blink, clever 1, demonic guardian 2, frail 1,
negative energy resistance 1, nightstalker 3, shaggy fur 1, 50% torment
resistance
}: 2/15 runes: barnacled, gossamer
a: Blink, Heroism, Finesse, Renounce Religion


You were on level 2 of the Depths.
You worshipped Okawaru.
Okawaru was exalted by your worship.
You were not hungry.

You visited 9 branches of the dungeon, and saw 42 of its levels.
You also visited: Ossuary, Bailey, Ice Cave and Wizlab.

You collected 7230 gold pieces.
You spent 4813 gold pieces at shops.

Inventory:

Hand Weapons
 a - a +2 double sword of venom (weapon)
 b - a +1 demon blade of freezing
 w - a +7 scimitar of flaming
Armour
 g - +0 fire dragon scales
 k - a scarf of repulsion (worn)
 p - +0 storm dragon scales
 F - the +1 pair of gloves "Adad" (worn) {rC+ rN+ Stlth-}
   (You bought it in a shop on level 1 of the Vaults)

   It protects you from cold.
   It protects you from negative energy.
   It makes you less stealthy.
 K - a +0 shield of reflection (worn)
 S - a +2 troll leather armour (worn)
 V - the +1 pair of boots of Courage (worn) {rElec Str+4 Int-4}
   (Okawaru gifted it to you on level 4 of the Spider Nest)

   It affects your strength (+4).
   It affects your intelligence (-4).
   It insulates you from electricity.
Jewellery
 f - an uncursed ring of flight
 n - an amulet of faith (around neck)
 u - a ring of protection from fire (left hand)
 y - an uncursed ring of positive energy
 E - an uncursed ring of teleportation
 J - a +2 ring of protection (right hand)
Wands
 m - a wand of digging (7/24)
 D - a wand of acid (7/15)
 G - a wand of scattershot (2/9)
Scrolls
 d - 2 scrolls of blinking
 e - 5 scrolls of identify
 h - 6 scrolls of magic mapping
 l - 7 scrolls of fog
 r - 10 scrolls of remove curse
 t - 9 scrolls of recharging
 v - 7 scrolls of teleportation
 I - 4 scrolls of summoning
 O - 2 scrolls of silence
 P - 2 scrolls of fear
 X - a scroll of enchant armour
Potions
 j - 4 potions of heal wounds
 o - 12 potions of haste
 x - a potion of invisibility
 z - 21 potions of curing
 A - 4 potions of resistance
 C - a potion of flight
 H - a potion of cancellation
 Q - a potion of berserk rage
Comestibles
 c - 22 bread rations
 i - 4 chunks of flesh


   Skills:
 - Level 16.5 Fighting
 - Level 20.0 Long Blades
 - Level 13.6 Armour
 - Level 15.4 Dodging
 - Level 7.0 Stealth
 + Level 14.6 Shields
 + Level 8.1 Spellcasting
 + Level 9.4 Hexes
 + Level 8.5 Summonings
 + Level 7.8 Air Magic
 - Level 10.0 Invocations
 - Level 6.0 Evocations


You had 14 spell levels left.
You knew the following spells:

 Your Spells              Type           Power        Failure   Level  Hunger
a - Passwall              Tmut/Erth      #.........   17%         2    None
b - Silence               Hex/Air        #####.....   10%         5    #####..
c - Darkness              Hex            #####.....   38%         6    ######.
d - Shadow Creatures      Summ           N/A          52%         6    ######.
e - Aura of Abjuration    Summ           #####.....   10%         5    #####..


Dungeon Overview and Level Annotations

Branches:
Dungeon (15/15)            Temple (1/1) D:7            Lair (6/6) D:11
 Shoals (4/4) Lair:4       Spider (4/4) Lair:3        Slime (0/5) Lair:6
    Orc (2/2) D:11            Elf (3/3) Orc:2        Vaults (4/5) D:14
  Crypt (0/3) Vaults:3     Depths (3/5) D:15

Altars:
Ashenzari
Cheibriados
Dithmenos
Elyvilon
Fedhas
Gozag
Hepliaklqana
Kikubaaqudgha
Makhleb
Nemelex Xobeh
Okawaru
Qazlal
Ru
Sif Muna
Trog
Uskayaw
Vehumet
Wu Jian
Xom
Yredelemnul
Zin
The Shining One
Beogh

Shops:
D:10 !   D:15 %:*   Orc:2 [:*(   Vaults:1 [[*   Vaults:3 [

Portals:
Hell: Depths:1 Depths:2
Abyss: Depths:2
Pandemonium: Depths:2
Ziggurat: Depths:2
Trove: Depths:1 (give +5 fire dragon scales)

Annotations:
D:8 1 exclusion


Innate Abilities, Weirdness & Mutations

You have a pair of large horns on your head.
You are completely covered in slimy green scales. (AC +4, rPois)
A demonic guardian rushes to your aid.
You resist negative energy. (rN+)
You are completely attuned to the shadows.
You are somewhat able to resist unholy torments (1 in 2 success).
You can translocate small distances at will.
Your mind is acute. (Int +2)
You are frail. (-10% HP)
You are covered in fur. (AC +1)


Message History

* * * LOW HITPOINT WARNING * * *
The deep troll shaman claws you. x2
* * * LOW HITPOINT WARNING * * *
The iron troll bites you.
* * * LOW HITPOINT WARNING * * *
The iron troll claws you!
* * * LOW HITPOINT WARNING * * *
The iron troll claws you.
* * * LOW HITPOINT WARNING * * *
The deep troll shaman bites you but does no damage.
The deep troll shaman claws you but does no damage.
The deep troll shaman claws you!
* * * LOW HITPOINT WARNING * * *
The iron troll bites you but does no damage.
The iron troll claws you but does no damage.
The iron troll claws you!
* * * LOW HITPOINT WARNING * * *
The deep troll shaman barely misses you.
The deep troll shaman claws you!
You die...

..............≈≈≈.
######........≈...
)....####..).≈...
≈≈......###......
≈≈≈≈..[..........
≈≈§§≈.......##### ########
≈≈≈§≈.......# #######.......
≈≈.≈..≈≈§.g.########....##..÷<...
.....≈.G§.D.{DDT@T''..⌠))'.......
†...........########....##[<...<.
............# #######.......
############# ########


You could see a fire dragon, an ice dragon, an iron troll and a deep troll
shaman.

Vanquished Creatures
  A greater mummy (WizLab)
  Margery (Depths:1)
  A caustic shrike (Depths:2)
  A lich (Depths:2)
  2 tentacled monstrosities (Depths:2)
  2 deep elf blademasters
  A quicksilver dragon (Depths:1)
  2 krakens
  A sphinx (Vaults:1)
  Frances (D:13)
  Gastronok (Lair:2)
  An ancient champion (Vaults:3)
  Kirke (D:14)
  A tengu reaver (Vaults:2)
  Donald (Shoals:3)
  A storm dragon (Depths:2)
  Roxanne (D:14)
  Ilsuiw (Shoals:4)
  3 fire giants
  4 ghost moths
  A frost giant (Vaults:2)
  8 deep elf sorcerers
  15 vault wardens
  Aizul (Spider:2)
  2 orc warlords
  7 emperor scorpions
  A caustic shrike zombie (WizLab)
  5 deep elf elementalists (Elf:3)
  5 very ugly things
  15 stone giants
  A reaper (IceCv)
  16 ironheart preservers
  2 spriggan defenders
  4 deep elf demonologists
  5 entropy weavers
  The ghost of flowsnake the Peltast, a journeyman MiGl of Wu Jian (Lair:4)
  9 spark wasps
  10 deep elf annihilators (Elf:3)
  The ghost of Sapher the Grappler, a journeyman VSTm of Wu Jian (Shoals:2)
  9 ettins
  2 deep elf death magi
  3 merfolk javelineers
  Josephine (D:11)
  10 fire dragons
  9 deep elf high priests
  10 great orbs of eyes
  9 merfolk impalers
  Fannar (Lair:2)
  14 yaktaur captains
  Erolcha (D:9)
  7 rakshasas
  9 ice dragons
  12 vault guards
  9 hydras
  A spriggan air mage (Depths:2)
  An alligator snapping turtle (Shoals:3)
  Harold (Orc:1)
  3 catoblepae
  9 merfolk aquamancers
  4 centaur warriors
  38 two-headed ogres
  26 dancing weapons
  4 deep troll shamans
  2 merfolk avatars (Shoals:4)
  4 deep troll earth magi
  14 ogre magi
  7 death yaks (Lair:6)
  A satyr (Shoals:3)
  8 death scarabs (Spider:4)
  8 vampire magi
  8 tengu warriors
  2 orc high priests
  A spriggan berserker (Depths:1)
  Urug (D:11)
  25 deep elf knights
  4 hell knights (Depths:1)
  A spectral emperor scorpion (Spider:4)
  The ghost of Alarkh the Carver, a novice DsMo (D:7)
  A fire crab (shapeshifter) (Depths:1)
  15 sea snakes
  An unseen horror (shapeshifter) (D:13)
  2 wizards
  5 unseen horrors
  3 flayed ghosts
  A swamp dragon (Lair:6)
  6 deep trolls
  11 deep elf archers
  A kraken simulacrum (Shoals:4)
  Pikel (D:8)
  16 harpies
  A lindwurm (Lair:6)
  2 harpies (shapeshifter)
  10 ironbrand convokers
  2 spectral wolf spiders (Spider:4)
  6 glowing orange brains
  A human zombie (Vaults:1)
  19 orb spiders
  6 necromancers
  A sphinx zombie (WizLab)
  12 orc knights
  A lindwurm (shapeshifter) (Depths:1)
  A wolf spider zombie (Spider:4)
  5 orc sorcerers
  70 deep elf magi
  4 stone giant zombies
  37 wolf spiders
  16 manticores
  9 cyclopes
  5 moths of wrath
  8 fauns
  4 elephants (Lair:5)
  A salamander (shapeshifter) (Vaults:2)
  37 ugly things
  A moth of wrath (shapeshifter) (D:14)
  Maurice (D:8)
  7 black mambas
  6 water nymphs
  12 merfolk sirens
  2 ice statues (IceCv)
  Joseph (D:8)
  A black mamba (shapeshifter) (Depths:1)
  A demonspawn zombie (WizLab)
  Psyche (D:12)
  2 gargoyles
  13 vault sentinels
  3 spectral redbacks (Spider:4)
  17 spiny frogs
  2 torpor snails
  3 yaktaur zombies
  A spriggan zombie (WizLab)
  14 demonic crawlers
  34 yaktaurs
  3 rime drakes (Lair:6)
  A rime drake (shapeshifter) (Vaults:3)
  3 tengu conjurers
  A komodo dragon (shapeshifter) (D:15)
  10 freezing wraiths
  A redback zombie (Spider:4)
  8 komodo dragons
  An efreet (D:14)
  A kobold demonologist (D:15)
  8 ice devils (IceCv)
  37 merfolk
  27 jumping spiders
  3 guardian mummies (WizLab)
  3 wind drakes (Shoals:4)
  A jumping spider (shapeshifter) (Vaults:3)
  3 polar bears
  2 trolls
  A troll (shapeshifter) (Vaults:1)
  A wolf spider simulacrum (D:14)
  17 hornets
  Prince Ribbit (D:6)
  A hippogriff (shapeshifter) (Vaults:1)
  19 slime creatures
  5 spectral tarantellas (Spider:4)
  A tarantella zombie (Spider:4)
  13 blink frogs
  2 jumping spider zombies (Spider:4)
  An ice dragon zombie (WizLab)
  A blink frog (shapeshifter) (Vaults:3)
  A fire giant simulacrum (Vaults:3)
  8 snapping turtles
  3 spectral jumping spiders (Spider:4)
  A dream sheep (shapeshifter) (Depths:2)
  A fire dragon zombie (WizLab)
  14 hippogriffs
  2 elf zombies
  13 dream sheep
  2 centaur simulacra (D:14)
  2 shadows
  63 redbacks
  38 tarantellas
  6 wraiths
  3 fire elementals
  24 yaks
  11 basilisks
  5 wyverns
  3 hogs (D:14)
  24 water elementals
  A fire bat (shapeshifter) (Vaults:2)
  A human (shapeshifter) (Depths:2)
  A basilisk (shapeshifter) (Vaults:3)
  3 steam dragons
  5 hungry ghosts
  14 vampire mosquitoes
  A yaktaur simulacrum (Vaults:2)
  A human simulacrum (Vaults:1)
  A warg (shapeshifter) (Vaults:3)
  3 wargs
  An infernal demonspawn zombie (WizLab)
  2 soldier ants (D:10)
  4 spectral hornets (Spider:4)
  14 water moccasins
  5 acid dragons
  9 porcupines
  49 orc warriors
  3 swamp drakes (Lair:6)
  A black bear (D:12)
  12 ice beasts
  4 phantoms
  4 sky beasts
  A swamp drake (shapeshifter) (Vaults:3)
  28 ogres
  2 eyes of draining (shapeshifter)
  The ghost of Alarkh the Slasher, an amateur DsMo of Wu Jian (D:3)
  A wolf (shapeshifter) (Depths:1)
  8 wolves
  27 centaurs
  A boggart (Depths:2)
  14 crocodiles
  4 big kobolds
  20 bullfrogs
  9 earth elementals
  A wyvern skeleton (D:11)
  2 scorpions
  A hornet simulacrum (D:14)
  15 killer bees
  2 raiju zombies (WizLab)
  3 electric eels
  2 howler monkeys
  13 crimson imps
  2 bullfrog zombies
  3 centaur zombies
  5 hounds
  8 centaur skeletons
  6 jellies
  19 orc priests
  23 orc wizards
  11 iguanas
  12 worker ants
  Natasha (thrice) (D:2)
  A killer bee zombie (D:8)
  A hound skeleton (D:7)
  8 mummies (Ossuary)
  A worker ant zombie (D:10)
  13 gnolls
  21 adders
  9 shadow imps
  17 white imps
  5 ufetubi
  An adder zombie (D:9)
  4 worms
  A dart slug (D:2)
  12 leopard geckos
  89 orcs
  12 bats
  6 giant cockroaches
  A gnoll zombie (Ossuary)
  11 goblins
  10 hobgoblins
  8 jackals
  39 kobolds
  10 quokkas
  10 frilled lizards
  4 hobgoblin zombies (Ossuary)
  3 kobold zombies (Ossuary)
  A leopard gecko skeleton (D:7)
  A quokka skeleton (D:6)
  8 rats
  A crawling corpse (Elf:3)
  A plant (Lair:1)
  10 tentacles
  A withered plant (Shoals:3)
1966 creatures vanquished.

Vanquished Creatures (collateral kills)
  Sojobo (Vaults:2)
  Arachne (Spider:4)
  A lich (Depths:2)
  A deep elf master archer (Elf:3)
  A sphinx (Depths:1)
  2 tengu reavers
  A frost giant (D:14)
  An orc warlord (Orc:2)
  A deep elf sorcerer (Elf:3)
  A vault warden (Vaults:1)
  4 ironheart preservers (Vaults:1)
  2 very ugly things
  3 stone giants (Depths:1)
  A deep elf annihilator (Vaults:1)
  A spark wasp (Depths:1)
  A deep elf death mage (Elf:3)
  A great orb of eyes (Depths:1)
  6 vault guards
  A catoblepas (D:15)
  3 hydras
  4 ogre magi
  6 two-headed ogres
  A spriggan air mage (Depths:2)
  2 death yaks (Lair:6)
  A satyr (Shoals:3)
  A tengu warrior (D:14)
  A deep elf knight (D:14)
  A sea snake (Shoals:2)
  A flayed ghost (Depths:1)
  A harpy (Shoals:1)
  2 orb spiders
  2 deep elf archers
  3 deep elf magi (Elf:3)
  An orc sorcerer (Orc:2)
  2 wolf spiders (Spider:1)
  12 ugly things
  3 elephants (Lair:5)
  A slime creature (Vaults:1)
  2 manticores
  A cyclops (Shoals:3)
  3 merfolk sirens
  A komodo dragon (Lair:6)
  2 yaktaurs
  2 ice devils (IceCv)
  3 jumping spiders (Spider:1)
  2 hornets
  A hippogriff (Lair:1)
  8 dream sheep
  3 tarantellas (Spider:1)
  3 hogs (D:14)
  6 yaks (D:11)
  7 redbacks
  A basilisk (Lair:3)
  An acid dragon (D:11)
  An orc warrior (Orc:2)
  2 ice beasts (D:14)
  4 ogres
  An orc priest (Orc:2)
  2 orc wizards (Orc:2)
  4 orcs
  A kobold (D:15)
  A crawling corpse (Elf:3)
141 creatures vanquished.

Vanquished Creatures (others)
  A frost giant (Depths:1)
  A centaur skeleton (D:14)
  A boggart (Depths:2)
  3 white imps (IceCv)
  An ufetubus (IceCv)
  2 bushes (Lair:6)
  37 fungi
  17 plants
  16 tentacles
79 creatures vanquished.

Grand Total: 2186 creatures vanquished

Notes
Turn   | Place    | Note
-------+----------+-------------------------------------------
     0 | D:1      | Alarkh the Demonspawn Monk began the quest for the Orb.
     0 | D:1      | Reached XP level 1. HP: 18/18 MP: 1/1
   269 | D:1      | Gained mutation: You are slightly more attuned to the shadows. [demonic ancestry]
   269 | D:1      | Reached XP level 2. HP: 23/24 MP: 2/2
   612 | D:1      | Reached skill level 3 in Long Blades
  1024 | D:2      | Gained mutation: You have a pair of small horns on your head. [demonic ancestry]
  1024 | D:2      | Reached XP level 3. HP: 29/29 MP: 3/3
  1934 | D:3      | Reached XP level 4. HP: 35/35 MP: 4/4
  1939 | D:3      | Noticed Natasha
  2358 | D:4      | Gained mutation: You can translocate small distances at will. [potion of mutation]
  2358 | D:4      | Gained mutation: You are frail. (-10% HP) [potion of mutation]
  2358 | D:4      | Gained mutation: You are covered in fur. (AC +1) [potion of mutation]
  2358 | D:4      | Gained mutation: Your mind is acute. (Int +2) [potion of mutation]
  2361 | D:4      | Reached skill level 4 in Long Blades
  2387 | D:4      | HP: 1/33 [poisoned by a worker ant]
  3649 | D:3      | Noticed Alarkh's ghost (amateur DsMo)
  4022 | D:3      | Gained mutation: You are partially covered in slimy green scales. (AC +2) [demonic ancestry]
  4022 | D:3      | Reached XP level 5. HP: 37/37 MP: 5/5
  4333 | D:4      | Noticed an ogre
  4551 | D:4      | Killed an ogre
  4700 | D:3      | Reached XP level 6. HP: 44/44 MP: 6/6
  4756 | D:2      | Killed Natasha
  5021 | D:2      | Noticed Natasha
  5031 | D:2      | Killed Natasha
  5031 | D:2      | Reached skill level 5 in Long Blades
  5163 | D:2      | Noticed Natasha
  5171 | D:2      | Killed Natasha
  5280 | D:3      | Killed Alarkh's ghost
  6165 | D:3      | Gained mutation: You have a pair of horns on your head. [demonic ancestry]
  6165 | D:3      | Reached XP level 7. HP: 49/49 MP: 7/7
  6340 | D:5      | Entered Level 5 of the Dungeon
  6948 | D:5      | Reached skill level 5 in Fighting
  7233 | D:5      | Reached skill level 6 in Long Blades
  8033 | D:6      | Reached XP level 8. HP: 36/56 MP: 8/8
  8157 | D:6      | Found a basalt altar of Yredelemnul.
  8197 | D:6      | Reached skill level 5 in Dodging
  8278 | D:6      | Reached skill level 7 in Long Blades
  8346 | D:6      | Noticed Prince Ribbit
  8413 | D:6      | Killed Prince Ribbit
  9758 | D:7      | Reached skill level 8 in Long Blades
  9897 | D:7      | Reached XP level 9. HP: 52/63 MP: 9/9
  9910 | D:7      | Noticed Alarkh's ghost (novice DsMo)
  9942 | D:7      | Found a staircase to the Ecumenical Temple.
  9950 | Temple   | Entered the Ecumenical Temple
 10123 | Temple   | Became a worshipper of Warmaster Okawaru
 10123 | Temple   | Reached * piety under Okawaru
 10123 | Temple   | Reached ** piety under Okawaru
 10173 | D:7      | Killed Alarkh's ghost
 10298 | D:7      | Reached *** piety under Okawaru
 10323 | D:7      | Reached skill level 9 in Long Blades
 11133 | D:8      | Found a sand-covered staircase.
 11143 | Ossuary  | Entered an ossuary
 11503 | D:8      | Noticed Joseph
 11548 | D:8      | Killed Joseph
 11648 | D:8      | Reached **** piety under Okawaru
 11664 | D:8      | Gained mutation: You are mostly covered in slimy green scales. (AC +3) [demonic ancestry]
 11664 | D:8      | Reached XP level 10. HP: 53/72 MP: 10/10
 11682 | D:8      | Noticed Maurice
 11772 | D:8      | Killed Maurice
 11819 | D:8      | Noticed Pikel
 11839 | D:8      | Killed Pikel
 11839 | D:8      | Reached skill level 10 in Long Blades
 12641 | D:7      | Reached ***** piety under Okawaru
 12974 | D:8      | Reached skill level 1 in Armour
 13047 | D:9      | Noticed a harpy
 13072 | D:9      | Killed a harpy
 13072 | D:9      | Reached skill level 11 in Long Blades
 13194 | D:9      | Noticed a two-headed ogre
 13198 | D:9      | Found a flagged portal.
 13207 | D:9      | Killed a two-headed ogre
 13207 | D:9      | Gained mutation: A weak demonic guardian rushes to your aid. [demonic ancestry]
 13207 | D:9      | Reached XP level 11. HP: 61/80 MP: 8/11
 13225 | Bailey   | Entered a bailey
 13231 | Bailey   | Noticed an orc warlord
 13332 | Bailey   | Found a runed gate.
 13334 | Bailey   | Found a runed gate.
 13335 | Bailey   | Found a runed gate.
 13394 | Bailey   | Noticed an orc knight
 13426 | Bailey   | Killed an orc knight
 13661 | Bailey   | Killed an orc warlord
 13661 | Bailey   | Received a gift from Okawaru
 13662 | Bailey   | Got a faintly glowing great sword {god gift}
 13663 | Bailey   | Identified the +5 great sword of Gerithro {slice, rPois rF+ MR+} (Okawaru gifted it to you in a bailey)
 13851 | D:9      | Noticed a two-headed ogre
 13857 | D:9      | Killed a two-headed ogre
 13932 | D:9      | Noticed Erolcha
 13940 | D:9      | Killed Erolcha
 14032 | D:9      | Received a gift from Okawaru
 14294 | D:9      | Noticed a two-headed ogre
 14302 | D:9      | Killed a two-headed ogre
 14302 | D:9      | Reached ****** piety under Okawaru
 14567 | D:10     | Entered Level 10 of the Dungeon
 14646 | D:10     | Reached skill level 12 in Long Blades
 15018 | D:10     | Noticed a four-headed hydra
 15026 | D:10     | Killed a one-headed hydra
 15105 | D:10     | Found Sunyla's Distillery.
 15202 | D:10     | Bought a potion of haste for 120 gold pieces
 15202 | D:10     | Bought a potion of haste for 120 gold pieces
 15202 | D:10     | Bought a potion of invisibility for 96 gold pieces
 15202 | D:10     | Bought a potion of might for 48 gold pieces
 15202 | D:10     | Bought a potion of agility for 48 gold pieces
 15554 | D:11     | Noticed Urug
 15580 | D:11     | Killed Urug
 15580 | D:11     | Reached skill level 10 in Fighting
 15616 | D:11     | Gained mutation: You are significantly more attuned to the shadows. [demonic ancestry]
 15616 | D:11     | Reached XP level 12. HP: 87/87 MP: 12/12
 15623 | D:11     | Received a gift from Okawaru
 15635 | D:11     | Noticed Josephine
 15644 | D:11     | Killed Josephine
 15675 | D:11     | Found a staircase to the Lair.
 15682 | Lair:1   | Entered Level 1 of the Lair of Beasts
 16130 | Lair:1   | Received a gift from Okawaru
 16820 | Lair:1   | Reached skill level 5 in Armour
 16834 | Lair:1   | Reached skill level 14 in Long Blades
 16834 | Lair:1   | Gained mutation: A demonic guardian rushes to your aid. [demonic ancestry]
 16834 | Lair:1   | Reached XP level 13. HP: 87/93 MP: 13/13
 16982 | D:11     | Reached skill level 1 in Shields
 17187 | D:11     | Found a staircase to the Orcish Mines.
 17191 | D:11     | Found a roughly hewn altar of Beogh.
 17857 | Lair:2   | Noticed Gastronok
 17868 | Lair:2   | Killed Gastronok
 17868 | Lair:2   | Reached skill level 10 in Dodging
 18499 | Lair:2   | Noticed Fannar
 18519 | Lair:2   | Killed Fannar
 18970 | Lair:3   | Found a hole to the Spider Nest.
 19099 | Lair:3   | Reached skill level 15 in Long Blades
 19246 | Lair:3   | Received a gift from Okawaru
 19381 | Lair:3   | Reached skill level 1 in Invocations
 19598 | Lair:4   | Reached XP level 14. HP: 101/101 MP: 14/14
 20021 | Lair:4   | Reached skill level 1 in Evocations
 20113 | Lair:4   | Found a staircase to the Shoals.
 20472 | Lair:4   | Noticed flowsnake's ghost (journeyman MiGl)
 20483 | Lair:4   | Killed flowsnake's ghost
 21560 | Lair:6   | Entered Level 6 of the Lair of Beasts
 21567 | Lair:6   | Received a gift from Okawaru
 21568 | Lair:6   | Got a brightly glowing scarf {god gift}
 21621 | Lair:6   | Identified the scarf of Follow the Leader {Dex+2} (Okawaru gifted it to you on level 6 of the Lair of Beasts)
 22630 | Lair:6   | Found a staircase to the Slime Pits.
 22759 | Lair:6   | Received a gift from Okawaru
 22760 | Lair:6   | Got a translucent battleaxe {god gift}
 22763 | Lair:6   | Identified the +1 battleaxe of Duty {venom, +Rage rElec rF- rC-} (Okawaru gifted it to you on level 6 of the Lair of Beasts)
 23604 | Lair:6   | Received a gift from Okawaru
 23604 | Lair:6   | Reached XP level 15. HP: 80/108 MP: 18/18
 23706 | Lair:6   | Reached skill level 5 in Invocations
 23982 | Lair:6   | Got a faintly glowing chain mail
 24005 | Lair:6   | Identified the cursed +0 chain mail "Puoxki" {rC- Regen+ Str+3 Int+6} (You found it on level 6 of the Lair of Beasts)
 24150 | Lair:2   | Learned a level 2 spell: Passwall
 24232 | Orc:1    | Entered Level 1 of the Orcish Mines
 24242 | Orc:1    | Reached skill level 5 in Stealth
 24297 | Orc:1    | Noticed Harold
 24301 | Orc:1    | Killed Harold
 24430 | Orc:1    | Found a radiant altar of Vehumet.
 24622 | Orc:2    | Entered Level 2 of the Orcish Mines
 24829 | Orc:2    | Received a gift from Okawaru
 24846 | Orc:2    | Reached skill level 16 in Long Blades
 25252 | Orc:2    | Noticed an orc warlord
 25271 | Orc:2    | Killed an orc warlord
 25286 | Orc:2    | Found a roughly hewn altar of Beogh.
 25842 | Orc:2    | Paralysed by an orc sorcerer for 5 turns
 26210 | Orc:2    | Found Seud's Antique Weapon Shoppe.
 26338 | Orc:2    | Found a staircase to the Elven Halls.
 26396 | Orc:2    | Found Ilu Xur's Antique Armour Shoppe.
 26418 | Orc:2    | Found Xocaj's General Store.
 26434 | Orc:2    | Found Utunaz's Book Shoppe.
 26695 | D:12     | Reached skill level 5 in Shields
 26814 | D:12     | Found a burning altar of Makhleb.
 27075 | D:12     | Noticed Psyche
 27083 | D:12     | Killed Psyche
 27824 | D:13     | Found an iron altar of Okawaru.
 27885 | D:13     | Noticed Frances
 27905 | D:13     | Killed Frances
 27905 | D:13     | Received a gift from Okawaru
 27905 | D:13     | Reached skill level 5 in Evocations
 27908 | D:13     | Got an encrusted scarf {god gift}
 27938 | D:13     | Identified the scarf of Vobbyahi {rF+} (Okawaru gifted it to you on level 13 of the Dungeon)
 28400 | D:14     | Noticed a frost giant
 28432 | D:14     | Killed a frost giant
 28548 | D:14     | Found a frozen archway.
 28555 | D:14     | Noticed Roxanne
 28561 | IceCv    | Entered an ice cave
 29435 | IceCv    | Got a bone demon trident
 29447 | IceCv    | Identified the +6 demon trident of Causality {vamp, rF+++ rN+ MR- Dex+2} (You found it in an ice cave)
 29774 | D:14     | Found a basalt altar of Yredelemnul.
 29904 | D:14     | Received a gift from Okawaru
 29931 | D:14     | Gained mutation: You have a pair of large horns on your head. [demonic ancestry]
 29931 | D:14     | Reached XP level 16. HP: 95/114 MP: 21/21
 30017 | D:14     | Noticed Kirke
 30056 | D:14     | Killed Kirke
 30056 | D:14     | Received a gift from Okawaru
 30059 | D:14     | Got a fine demon whip {god gift}
 30064 | D:14     | Identified the +6 demon whip "Ysmenuh" {vamp, +Rage +Fly rN+++ Str-2} (Okawaru gifted it to you on level 14 of the Dungeon)
 30447 | D:14     | Found a gate to the Vaults.
 30755 | D:15     | Entered Level 15 of the Dungeon
 30770 | D:15     | Got an ebony hand axe
 30774 | D:15     | Identified the +12 hand axe of Jives {chop, +Fly Str+2} (You found it on level 15 of the Dungeon)
 31085 | D:15     | Found a staircase to the Depths.
 31683 | D:15     | Received a gift from Okawaru
 31684 | D:15     | Got a dazzling long sword {god gift}
 31685 | D:15     | Identified the +4 long sword "Ecseoj" {freeze, +Fly} (Okawaru gifted it to you on level 15 of the Dungeon)
 32059 | D:15     | Received a gift from Okawaru
 32060 | D:15     | Got a jewelled falchion {god gift}
 32061 | D:15     | Identified the +5 falchion of Forced Transition {freeze, Str+3} (Okawaru gifted it to you on level 15 of the Dungeon)
 32083 | D:15     | Found Piposh's Assorted Antiques.
 32087 | D:15     | Bought a sapphire ring for 200 gold pieces
 32087 | D:15     | Bought a scroll of identify for 80 gold pieces
 32087 | D:15     | Bought a scroll labeled DYURGH KAMOCAJEXAUFF for 40 gold pieces
 32087 | D:15     | Bought a scroll labeled DYURGH KAMOCAJEXAUFF for 40 gold pieces
 32622 | D:14     | Killed Roxanne
 32689 | D:15     | Found Sauma's Book Emporium.
 32974 | D:15     | Found Fahufon's Food Shop.
 33287 | Orc:2    | Bought 2 scrolls of identify for 56 gold pieces
 33416 | Orc:2    | Bought a double sword for 525 gold pieces
 33571 | Lair:2   | Identified a scroll of acquirement
 33573 | Lair:2   | Got a glittering ivory ring
 33575 | Lair:2   | Identified the ring "Nafuiho" {rElec rPois Int+2 Dex+4} (You acquired it on level 2 of the Lair of Beasts)
 33578 | Lair:2   | Upgraded the game from 0.20-a0-738-gb057e68 to 0.20-a0-739-g6bb112f
 33641 | Spider:1 | Entered Level 1 of the Spider Nest
 33677 | Spider:1 | Was placed under penance by Okawaru
 34470 | Spider:1 | Was forgiven by Okawaru
 34898 | Spider:1 | Reached skill level 17 in Long Blades
 34930 | Spider:1 | Received a gift from Okawaru
 36237 | Spider:1 | Reached XP level 17. HP: 76/121 MP: 24/24
 37211 | Spider:2 | Reached skill level 10 in Invocations
 37919 | Spider:2 | Received a gift from Okawaru
 38680 | Spider:2 | Noticed Aizul
 38702 | Spider:2 | Killed Aizul
 38896 | Spider:3 | Received a gift from Okawaru
 40658 | Spider:4 | Entered Level 4 of the Spider Nest
 41508 | Spider:4 | Noticed Arachne
 41767 | Spider:4 | Received a gift from Okawaru
 42063 | Spider:4 | Killed Arachne
 42201 | Spider:4 | Received a gift from Okawaru
 42202 | Spider:4 | Got a pair of scorched boots {god gift}
 42213 | Spider:4 | Identified the +1 pair of boots of Courage {rElec Str+4 Int-4} (Okawaru gifted it to you on level 4 of the Spider Nest)
 42260 | Spider:4 | Paralysed by a hornet for 2 turns
 42452 | Spider:4 | Reached skill level 10 in Armour
 42643 | Spider:4 | Reached skill level 18 in Long Blades
 42643 | Spider:4 | Gained mutation: You are completely covered in slimy green scales. (AC +4, rPois) [demonic ancestry]
 42643 | Spider:4 | Reached XP level 18. HP: 109/129 MP: 25/25
 43029 | Spider:4 | Got a gossamer rune of Zot
 43416 | Vaults:1 | Entered Level 1 of the Vaults
 43699 | Vaults:1 | Received a gift from Okawaru
 43700 | Vaults:1 | Got a heavily jewelled robe {god gift}
 44023 | Vaults:1 | Identified the +0 robe of Death's Door {Regen+ Slay+3} (Okawaru gifted it to you on level 1 of the Vaults)
 44464 | Vaults:1 | Received a gift from Okawaru
 44465 | Vaults:1 | Got a fine great sword {god gift}
 44772 | Vaults:1 | Identified the +4 great sword "Hiewnis" {drain, Str+7} (Okawaru gifted it to you on level 1 of the Vaults)
 44804 | Vaults:1 | Got a spiked plate armour
 44805 | Vaults:1 | Identified the +10 plate armour of Farorch {*Corrode +Fly rN++} (You found it on level 1 of the Vaults)
 45168 | Vaults:1 | Found Gozag's Antique Armour Boutique.
 45222 | Vaults:1 | Received a gift from Okawaru
 45238 | Vaults:1 | Got a pair of pitted boots {god gift}
 45244 | Vaults:1 | Found an opulent altar of Gozag.
 45418 | Vaults:1 | Identified the +2 pair of boots of Baseupra {*Slow +Inv rN++ Int+4} (Okawaru gifted it to you on level 1 of the Vaults)
 45442 | Vaults:1 | Found Gozag's Antique Armour Shop.
 45466 | Vaults:1 | Found Gozag's Assorted Antiques.
 45687 | Vaults:1 | Bought a pair of jewelled gloves for 950 gold pieces
 45695 | Vaults:1 | Bought a leatherbound manual for 1500 gold pieces
 45696 | Vaults:1 | Identified the +1 pair of gloves "Adad" {rC+ rN+ Stlth-} (You bought it in a shop on level 1 of the Vaults)
 45878 | Vaults:1 | Reached XP level 19. HP: 131/136 MP: 23/26
 46432 | Vaults:2 | Reached skill level 19 in Long Blades
 46432 | Vaults:2 | Reached skill level 10 in Shields
 46447 | Vaults:2 | Received a gift from Okawaru
 46455 | Vaults:2 | Noticed Sojobo
 46818 | Vaults:1 | Received a gift from Okawaru
 48649 | Vaults:2 | Killed Sojobo
 48649 | Vaults:2 | Received a gift from Okawaru
 49840 | Vaults:3 | Received a gift from Okawaru
 49893 | Vaults:3 | Noticed a Brimstone Fiend
 50123 | Vaults:3 | Found Samanuh's Armour Emporium.
 50137 | Vaults:3 | Reached skill level 15 in Fighting
 50159 | Vaults:3 | Reached XP level 20. HP: 83/145 MP: 27/27
 50180 | Vaults:3 | Found a staircase to the Crypt.
 50877 | Vaults:3 | Received a gift from Okawaru
 51210 | Vaults:4 | Found a magical portal.
 51309 | WizLab   | Entered Doroklohe's Tomb
 51605 | WizLab   | Noticed a greater mummy
 51630 | WizLab   | Killed a greater mummy
 52508 | Vaults:4 | Reached skill level 20 in Long Blades
 54026 | Lair:2   | Learned a level 5 spell: Silence
 54033 | Lair:2   | Learned a level 6 spell: Darkness
 54040 | Lair:2   | Learned a level 6 spell: Shadow Creatures
 54165 | Elf:1    | Entered Level 1 of the Elven Halls
 54266 | Elf:1    | Received a gift from Okawaru
 54844 | Elf:1    | Got a warped bronze ring
 54846 | Elf:1    | Identified the ring of Reimbursement {Fire rN+} (You acquired it on level 1 of the Elven Halls)
 55533 | Elf:2    | Found a runed gate.
 55533 | Elf:2    | Found a runed gate.
 55533 | Elf:2    | Found a runed gate.
 55712 | Elf:2    | Received a gift from Okawaru
 56094 | Elf:2    | Gained mutation: You resist negative energy. (rN+) [demonic ancestry]
 56094 | Elf:2    | Reached XP level 21. HP: 95/153 MP: 25/28
 57087 | Elf:3    | Entered Level 3 of the Elven Halls
 57510 | Elf:3    | Reached skill level 15 in Dodging
 57521 | Elf:3    | Received a gift from Okawaru
 58003 | Elf:3    | Got an ancient granite ring
 58214 | Elf:3    | Got a pair of faintly humming gloves
 58309 | Elf:3    | Got a twitching silver ring
 58323 | Elf:3    | Identified the +2 pair of gloves "Dedorhorgh" {MR++ Str+3 Stlth-} (You found it on level 3 of the Elven Halls)
 58339 | Elf:3    | Identified the ring "Bemeret" {*Contam +Inv rPois rC+} (You took it off a deep elf elementalist on level 3 of the Elven Halls)
 58341 | Elf:3    | Identified the ring "Amirofei" {Wiz +Inv rPois rF- Str+4} (You took it off a deep elf high priest on level 3 of the Elven Halls)
 59588 | Elf:3    | Received a gift from Okawaru
 59990 | Orc:2    | Bought the Guide on the Creative Snowflakes for 990 gold pieces
 60186 | Shoals:1 | Entered Level 1 of the Shoals
 60385 | Shoals:1 | Reached skill level 1 in Spellcasting
 60385 | Shoals:1 | Reached skill level 1 in Hexes
 60385 | Shoals:1 | Reached skill level 1 in Air Magic
 60555 | Shoals:1 | Reached skill level 1 in Summonings
 61383 | Shoals:2 | Noticed Sapher's ghost (journeyman VSTm)
 61394 | Shoals:2 | Killed Sapher's ghost
 62232 | Shoals:3 | Got an ichor-stained leather armour
 62233 | Shoals:3 | Identified the +1 leather armour "Ytseh" {Str+6} (You found it on level 3 of the Shoals)
 62748 | Shoals:3 | Gained mutation: You are completely attuned to the shadows. [demonic ancestry]
 62748 | Shoals:3 | Reached XP level 22. HP: 90/161 MP: 29/29
 62975 | Shoals:3 | Noticed Donald
 63061 | Shoals:3 | Killed Donald
 63267 | Shoals:4 | Entered Level 4 of the Shoals
 63815 | Shoals:4 | Received a gift from Okawaru
 63886 | Shoals:4 | Noticed Ilsuiw
 63930 | Shoals:4 | Killed Ilsuiw
 64431 | Shoals:3 | Learned a level 5 spell: Aura of Abjuration
 64929 | Shoals:4 | Reached skill level 5 in Hexes
 65198 | Shoals:4 | Got a barnacled rune of Zot
 65980 | Depths:1 | Entered Level 1 of the Depths
 65989 | Depths:1 | Reached skill level 5 in Summonings
 66032 | Depths:1 | Reached skill level 5 in Spellcasting
 66082 | Depths:1 | Got a brightly glowing dagger
 66083 | Depths:1 | Identified the +4 dagger of Conscience {elec, +Fly rElec MR+ Int-2} (You found it on level 1 of the Depths)
 66101 | Depths:1 | Found a gateway to Hell.
 66101 | Depths:1 | Noticed Margery
 66153 | Depths:1 | Found a portal to a secret trove of treasure.
 66447 | Depths:1 | Reached skill level 5 in Air Magic
 66538 | Depths:1 | Received a gift from Okawaru
 66539 | Depths:1 | Got a pair of faintly humming gloves {god gift}
 66958 | Depths:1 | Found an ancient bone altar of Kikubaaqudgha.
 67366 | Depths:1 | Found a runed door.
 67614 | Depths:1 | Found a white marble altar of Elyvilon.
 67686 | Depths:1 | Killed Margery
 67751 | Depths:1 | Gained mutation: You are somewhat able to resist unholy torments (1 in 2 success). [demonic ancestry]
 67751 | Depths:1 | Reached XP level 23. HP: 116/166 MP: 32/32
 67788 | Depths:1 | Identified the -5 pair of gloves "Ryinoc" {Str+3} (Okawaru gifted it to you on level 1 of the Depths)
 68384 | Depths:1 | Found an opulent altar of Gozag.
 68852 | Depths:1 | Received a gift from Okawaru
 68967 | Depths:1 | Found a sparkling altar of Nemelex Xobeh.
 69391 | Depths:1 | Found a roughly hewn altar of Beogh.
 69680 | Depths:2 | Noticed a caustic shrike
 69689 | Depths:2 | Killed a caustic shrike
 69689 | Depths:2 | Received a gift from Okawaru
 69827 | Depths:2 | Found a gateway to a ziggurat.
 69894 | Depths:2 | Found a one-way gate leading to the halls of Pandemonium.
 70040 | Depths:2 | Found a one-way gate to the infinite horrors of the Abyss.
 71591 | Depths:2 | Received a gift from Okawaru
 71596 | Depths:2 | HP: 4/166 [iron troll[a boggart] (6)]
 71596 | Depths:2 | Slain by a deep troll shaman

Vault maps used:
D:1:      dpeg_arrival_central
D:2:      first_bread
D:3:      corexii_item_surrounded_by_moat, uniq_natasha
D:4:      minmay_stone_trees_large
D:6:      kennysheep_little_box, uniq_prince_ribbit1
D:7:      kennysheep_six_static_rooms, minmay_temple_entry_poolview
D:8:      cheibrodos_quashed, enter_ossuary_1, uniq_joseph, uniq_maurice,
          uniq_pikel
D:9:      enter_bailey_2, uniq_erolcha
D:10:     serial_shops, shop_fountains, hangedman_pestilent_swarm,
          minmay_misc_feat_tower
D:11:     grunt_lair_entry_orc_guard_hut, minmay_orc_entry_temple_small,
          uniq_josephine, uniq_urug
D:12:     bloody_makhleb, uniq_psyche
D:13:     okawaru_ov_weapons_minmay, uniq_frances
D:14:     cheibrodos_elevator_heist, erik_vaults_2, yredelemnul_altar_generic,
          serial_ice, serial_ice_d, serial_ice_e, serial_ice_c, serial_ice_n,
          serial_ice_m, serial_ice_o, serial_ice_j, serial_ice_g,
          portal_ice_cave_entry_ice_beasts, hangedman_cracks_in_the_wall,
          uniq_roxanne, uniq_kirke
D:15:     grunt_enter_depths_snipers, abandoned_shop, serial_shops,
          nicolae_shop_temple_entry_statues_fountains,
          nicolae_shop_behind_doors, nicolae_shop_competitors_out_of_business
Temple:   compressed_dpeg_triangle_lava_temple
Lair:1:   hibernation_bobbens, serial_bayou_shore_b
Lair:2:   uniq_fannar, uniq_gastronok
Lair:3:   spider_nest_entry_rubble, grunt_megastairs_1
Lair:4:   elwin_shoals_entry_rooms, infiniplex_staircase_pool
Lair:5:   serial_bayou_crossing, grunt_megastairs_5, lemuel_fruit_fields
Lair:6:   hangedman_lair_in_review, guppyfry_lair_end_dragon, slime_dummy,
          serial_bayou_pond_e
Shoals:1: nicolae_shoals_wave_tunnel
Shoals:3: argonaut_gorgonesque, uniq_donald
Shoals:4: shoals_end_grunt_ice, shoals_ilsuiw_alternative,
          nicolae_shoals_isolated_beach
Spider:2: nicolae_spider_cling_halls, uniq_aizul
Spider:4: floodkiller_spider_rune_tomb, uniq_arachne
Orc:1:    basic_altar, uniq_harold
Orc:2:    grunt_orc_cross
Elf:1:    eino_elf_arrival_the_gate, serial_sigils,
          serial_sigils_hangedman_leer, serial_sigils_hangedman_etch,
          serial_sigils_hangedman_scratch, serial_sigils_hangedman_quiver,
          serial_sigils_hangedman_snap, serial_sigils_hangedman_confine,
          kennysheep_underground_church, spider_trap, st_stairs_13,
          billiards_dpeg
Elf:3:    minmay_elf_hall_x
Vaults:1: nicolae_vaults_disjoint_gnomons, kennysheep_vaults_gozag_temple,
          hangedman_vaults_river_flow, ontoclasm_vaults_decontamination,
          v_misc_11
Vaults:2: vaults_mumra_hexcomb, v_rooms_2, hangedman_vaults_corner_blocks,
          vaults_room_pools, uniq_sojobo
Vaults:3: nicolae_vaults_network_quincunx, v_misc_1,
          vaults_mumra_minichess_inversion, ontoclasm_vaults_eye,
          v_alt_pattern_2, v_alt_pattern_2, nicolae_vaults_murderbox,
          nicolae_vaults_asterisk, vaults_dpeg_spiral,
          ontoclasm_vaults_claustrophobia, nicolae_vaults_ring_of_whatevers,
          ontoclasm_vaults_twist, minmay_crypt_entry_simple_round,
          ontoclasm_vaults_pinch, grunt_vaults_hallway_long, vaults_dpeg_hooks,
          nicolae_vaults_little_ls, serial_shops, shop
Vaults:4: nicolae_vaults_little_squares_1, nicolae_vaults_circle_grid_b,
          v_alt_pattern_4, v_misc_18, nicolae_vaults_circle_grid_a,
          v_alt_pattern_4, v_misc_12, grunt_vaults_diagonal,
          nicolae_vaults_theta, v_misc_5, mu_enter_wizlab_5
Depths:1: hangedman_box_tower, grunt_metal_band,
          nicolae_trove_entry_free_sample, hangedman_abyss_or_decor_clamps,
          lightli_church_of_beogh
Depths:2: box_level_dp, abyss_entry, pan_entry, hell_entry
Depths:3: hangedman_arch_fort, hangedman_geh_valley, pan_entry,
          serial_bayou_ford_a, minmay_staircase_windowed_small
Ossuary:  ossuary_tomb_3
Bailey:   bailey_axe_bossmonster_kennysheep, bailey
IceCv:    ice_cave_small_demon
WizLab:   wizlab_doroklohe

Skill      XL: |  1  2  3  4  5  6  7  8  9 10 11 12 13 14 15 16 17 18 19 20 21 22 23 |
---------------+----------------------------------------------------------------------+-----
Long Blades    | 3 4 5 6 8 9 11 12 14 15 16 17 18 19 20 | 20.0
Dodging        | 3 4 5 7 8 9 10 11 12 13 14 15 | 15.4
Fighting       | 4 5 6 7 9 10 11 12 13 14 15 16 | 16.5
Armour         | 1 4 5 7 8 9 10 11 12 13 | 13.6
Shields        | 2 4 5 7 8 9 10 11 13 14 | 14.6
Stealth        | 2 4 6 7 |  7.0
Invocations    | 1 4 7 9 10 | 10.0
Evocations     | 3 5 6 |  6.0
Spellcasting   | 2 6 8 |  8.1
Hexes          | 3 7 9 |  9.4
Air Magic      | 2 6 7 |  7.8
Summonings     | 2 6 8 |  8.5

Action                   |  1- 3 |  4- 6 |  7- 9 | 10-12 | 13-15 | 16-18 | 19-21 | 22-24 || total
-------------------------+-------+-------+-------+-------+-------+-------+-------+-------++-------
Melee: Falchion          |    79 |   123 |   483 |     5 |    47 |    15 |       |       ||   752
       Dagger            |    34 |   135 |     4 |       |       |       |       |       ||   173
       Headbutt          |    11 |    60 |   164 |   140 |   335 |   516 |   453 |   467 ||  2146
       Long sword        |       |       |   174 |   356 |     1 |       |       |       ||   531
       Punch             |       |       |     1 |     1 |       |       |       |       ||     2
       Great sword       |       |       |       |   227 |  1134 |  1659 |  1832 |   444 ||  5296
       Battleaxe         |       |       |       |       |     6 |     2 |       |       ||     8
       Double sword      |       |       |       |       |       |       |       |  1049 ||  1049
       Demon blade       |       |       |       |       |       |       |       |   207 ||   207
       Scimitar          |       |       |       |       |       |       |       |     4 ||     4
Throw: Throwing net      |       |     1 |       |       |       |     3 |       |       ||     4
 Cast: Aura of Abjuratio |       |       |       |       |       |       |       |     1 ||     1
Invok: Heroism           |       |       |     5 |     7 |    17 |    40 |    27 |    15 ||   111
       Finesse           |       |       |       |     1 |     3 |     8 |    10 |     9 ||    31
 Abil: Evoke Flight      |       |     1 |       |     4 |       |       |       |    12 ||    17
       Blink             |       |     1 |       |       |       |       |     1 |     6 ||     8
       Evoke Invisibilit |       |       |       |     1 |       |       |       |       ||     1
       No ability        |       |       |       |     2 |       |       |       |       ||     2
Evoke: Wand              |       |     1 |       |       |       |     1 |       |       ||     2
  Use: Scroll            |     2 |     9 |     8 |     8 |    20 |    28 |    22 |    12 ||   109
       Potion            |     1 |     4 |     3 |     4 |     2 |    12 |     5 |     2 ||    33
 Stab: Sleeping          |     5 |     6 |    16 |    10 |    48 |    39 |    38 |    22 ||   184
       Invisible         |     1 |       |       |     4 |       |     3 |     3 |       ||    11
       Distracted        |       |       |     1 |     2 |    17 |    26 |    17 |    16 ||    79
       Petrifying        |       |       |       |       |     1 |       |       |       ||     1
       Petrified         |       |       |       |       |       |     2 |       |     1 ||     3
  Eat: Chunk             |     3 |    12 |    10 |    26 |    42 |    46 |    46 |    33 ||   218
       Fruit             |       |     1 |     1 |     2 |       |     1 |     1 |       ||     6
       Meat ration       |       |       |     3 |       |       |       |     1 |       ||     4
       Royal jelly       |       |       |       |       |     1 |     1 |       |       ||     2
       Bread ration      |       |       |       |       |       |     1 |     1 |       ||     2
Armor: Robe              |    28 |    93 |    73 |       |       |       |       |       ||   194
       Leather armour    |       |       |   102 |       |       |       |       |       ||   102
       Ring mail         |       |       |     3 |   221 |   473 |   388 |    89 |       ||  1174
       Troll leather arm |       |       |       |       |       |   240 |   280 |   290 ||   810
Dodge: Dodged            |    78 |   181 |   428 |   433 |   928 |  1653 |  1218 |  1050 ||  5969
       Deflected         |       |       |       |       |    21 |    20 |    61 |    35 ||   137
Block: Shield            |       |       |       |       |       |       |       |   557 ||   557
       Reflection        |       |       |       |       |       |       |       |     6 ||     6
       Rpst.: Falchion   |    14 |    21 |   103 |       |     6 |     3 |       |       ||   147
       Long sword        |       |       |    33 |    68 |       |       |       |       ||   101
       Great sword       |       |       |       |    49 |   196 |   316 |   276 |   118 ||   955
       Double sword      |       |       |       |       |       |       |       |    86 ||    86
       Demon blade       |       |       |       |       |       |       |       |    11 ||    11
       Scimitar          |       |       |       |       |       |       |       |     2 ||     2
